 Dungeon Crawl Stone Soup version 0.29.1-12-g30fa7ad0bf (webtiles) character file.

Game seed: 18225677459099042290

335 Oxelix the Cleaver (level 6, -2/51 HPs)
             Began as a Minotaur Berserker on Jan 4, 2023.
             Was a Believer of Trog.
             Slain by a gnoll
             ... wielding a +0 halberd
              (17 damage)
             ... on level 4 of the Dungeon.
             The game lasted 00:05:09 (4185 turns).

Oxelix the Cleaver (Minotaur Berserker)             Turns: 4185, Time: 00:05:09

Health: -2/51      AC:  4    Str: 23    XL:     6   Next: 28%
Magic:  5/5        EV: 11    Int:  7    God:    Trog [**....]
Gold:   188        SH:  0    Dex: 10    Spells: 5/5 levels left

rFire   . . .      SeeInvis .   a - +0 hand axe
rCold   . . .      Faith    .   h - orb {mayhem}
rNeg    . . .      Spirit   .   p - +1 leather armour "Arrahuecw" {*Corrode +Inv Int+3 Slay+2}
rPois   .          Reflect  .   (helmet restricted)
rElec   .          Harm     .   (no cloak)
rCorr   .          Rampage  .   (no gloves)
Will    .....                   (no boots)
Stlth   +.........              (no amulet)
HPRegen 0.17/turn               (no ring)
MPRegen 0.09/turn               (no ring)

@: no status effects
A: horns 2, retaliatory headbutt
a: Renounce Religion, Evoke Invisibility, Berserk, Trog's Hand


You were on level 4 of the Dungeon.
You worshipped Trog.
Trog was pleased with you.
You visited 1 branch of the dungeon, and saw 4 of its levels.

You collected 188 gold pieces.

Inventory:

Hand Weapons
 a - a +0 hand axe (weapon)
Missiles
 o - a throwing net (quivered)
Armour
 h - an orb of mayhem (worn)
 i - a +0 ring mail
 p - the +1 leather armour "Arrahuecw" (worn) {*Corrode +Inv Int+3 Slay+2}
   (You found it on level 2 of the Dungeon)

   Int:       It affects your intelligence (+3).
   Slay:      It affects your accuracy & damage with ranged weapons and melee
   (+2).
   +Inv:      It lets you turn invisible.
   *Corrode:  It may corrode you when you take damage.
Jewellery
 s - a ring of see invisible
Scrolls
 c - 2 scrolls of immolation {unknown}
 d - a scroll of fear {unknown}
 e - 6 scrolls of identify {unknown}
 f - a scroll of enchant armour {unknown}
 j - 2 scrolls of fog {unknown}
 m - a scroll of silence {unknown}
 n - a scroll of amnesia {unknown}
 t - 2 scrolls of teleportation {unknown}
 u - a scroll of blinking {unknown}
 v - a scroll of vulnerability {unknown}
Potions
 b - a potion of ambrosia {unknown}
 g - 2 potions of brilliance {unknown}
 k - 3 potions of might {unknown}
 l - 2 potions of curing {unknown}
 q - a potion of magic {unknown}
 r - a potion of degeneration {unknown}
 w - a potion of heal wounds {unknown}
 x - a potion of mutation {unknown}


   Skills:
 - Level 3.6 Fighting
 * Level 8.6 Axes
 - Level 2.4 Armour
 - Level 2.1 Dodging


You had 5 spell levels left.
You didn't know any spells.
Your spell library was empty.

Dungeon Overview and Level Annotations

Branches:
Dungeon (4/15)             Temple (0/1) D:4

Altars:
Qazlal
Ru

Annotations:
D:4 4 runed translucent doors


Innate Abilities, Weirdness & Mutations

You have a pair of horns on your head.
You reflexively headbutt those who attack you in melee.


Message History

A gnoll comes into view. It is wielding a +0 club.
You see here a quokka corpse.
The gnoll completely misses the gnoll.
The gnoll closely misses the gnoll.
You hit the hobgoblin.
You kill the hobgoblin!
Trog accepts your kill.
You hit the giant cockroach.
The gnoll hits the gnoll with a +0 halberd!
The giant cockroach bites you but does no damage.
You closely miss the giant cockroach.
The giant cockroach is moderately wounded.
The gnoll hits the gnoll with a +0 halberd.
The gnoll dies!
Trog accepts your kill.
You hit the giant cockroach.
You kill the giant cockroach!
Trog accepts your kill.
The gnoll hits you from afar with a +0 spear.
The gnoll hits the gnoll from afar with a +0 halberd!!
The gnoll dies!
Trog accepts your kill.
You see here a hobgoblin corpse.
The gnoll hits you with a +0 halberd! The gnoll closely misses you.
Things that are here:
a +0 spear; a +6 ring of strength; a gnoll corpse You hit the gnoll.
You headbutt the gnoll, but do no damage.
The gnoll is heavily wounded.
The gnoll barely misses you.
You hit the gnoll but do no damage.
The gnoll is heavily wounded.
The gnoll hits you with a +0 halberd!
You barely miss the gnoll.
The gnoll is heavily wounded.
The gnoll hits you with a +0 halberd.
* * * LOW HITPOINT WARNING * * *
You barely miss the gnoll.
The gnoll is heavily wounded.
The gnoll hits you with a +0 halberd!
You die...

.........#
#........#
#######
........#
#.....#
..)....
#.....#
.....#
#.###..
#.)..#
#.###.#
#.g..#
###......
#.@..#
#........
#.†..#
#).......
#....#
#........
#.†..#
#........
#....#
#......##
##'###
######†#
###.# #.#
#...# #.#
#.#.# #.##


You could see a neutral gnoll (fast, strong, insane).

Vanquished Creatures
  An ogre (D:4)
  2 jellies (D:4)
  6 gnolls
  2 adders
  A worm (D:3)
  2 dart slugs (D:1)
  An orc (D:4)
  6 bats
  9 endoplasms
  6 giant cockroaches
  5 goblins
  8 hobgoblins
  4 jackals (D:2)
  5 quokkas
  2 ball pythons
  5 frilled lizards
  7 kobolds
  3 rats
75 creatures vanquished.

Vanquished Creatures (collateral kills)
  4 gnolls
4 creatures vanquished.

Grand Total: 79 creatures vanquished

Notes
Turn   | Place    | Note
-------+----------+-------------------------------------------
     0 | D:1      | Oxelix the Minotaur Berserker began the quest for the Orb.
     0 | D:1      | Reached XP level 1. HP: 19/19 MP: 0/0
    96 | D:1      | Reached skill level 4 in Axes
   363 | D:1      | Reached XP level 2. HP: 19/26 MP: 1/1
  1438 | D:2      | Reached skill level 5 in Axes
  1476 | D:2      | Reached XP level 3. HP: 31/31 MP: 2/2
  1713 | D:2      | Reached ** piety under Trog
  1747 | D:2      | Found a stormy altar of Qazlal.
  2427 | D:2      | Reached skill level 6 in Axes
  2427 | D:2      | Reached XP level 4. HP: 36/39 MP: 3/3
  2681 | D:2      | Identified the +1 leather armour "Arrahuecw" {*Corrode +Inv
                  | Int+3 Slay+2}
  3063 | D:3      | Found a sacrificial altar of Ru.
  3468 | D:3      | Found a faded altar of an unknown god.
  3470 | D:3      | Reached XP level 5. HP: 45/45 MP: 4/4
  3471 | D:3      | Reached skill level 7 in Axes
  3966 | D:4      | Noticed an ogre
  3972 | D:4      | Killed an ogre
  3973 | D:4      | Reached skill level 8 in Axes
  3974 | D:4      | Found a staircase to the Ecumenical Temple.
  3977 | D:4      | Reached XP level 6. HP: 51/51 MP: 5/5
  4044 | D:4      | Found a large runed translucent door.
  4044 | D:4      | Found a large runed translucent door.
  4047 | D:4      | Found a large runed translucent door.
  4047 | D:4      | Found a large runed translucent door.
  4185 | D:4      | Slain by a gnoll

Illustrated notes

Levels and vault maps discovered:
D:1:      psy_arrival_whirlpool, layout_basic
D:2:      layout_basic, basic_altar, grunt_decor_junction, moated_statue
D:3:      layout_loops_corners, nicolae_ru_path_of_blood,
          ebering_ecumenical_altar_webs
D:4:      layout_basic, nicolae_overflow_hidden_temple,
          minmay_temple_entry_crystal_x, minmay_hollow_rounded_squares

Skill      XL: |  1  2  3  4  5 |
---------------+----------------+-----
Axes           | 4 5 6 8 |  8.6
Fighting       | |  3.6
Armour         | |  2.4
Dodging        | |  2.1

Action                   |  1- 3 |  4- 6 || total
-------------------------+-------+-------++-------
Melee: Hand axe          |    89 |    63 ||   152
       Headbutt          |    10 |     7 ||    17
Invok: Berserk           |     1 |     2 ||     3
Armor: Animal skin       |     4 |       ||     4
       Ring mail         |    24 |     1 ||    25
       Leather armour    |       |    17 ||    17
Dodge: Dodged            |    47 |    30 ||    77
